Map: Wolfe Industries Compound

Players

bARX

  • Race: Protoss Protoss
  • Spawn Location: 7:00

TurtleGT

  • Race: Protoss Protoss
  • League: Silver
  • Spawn Location: 7:00

TekTaa - Winner!

  • Race: Protoss Protoss
  • Spawn Location: 3:00

Grumm - Winner!

  • Race: Protoss Protoss
  • League: Gold
  • Spawn Location: 12:00

VOD

Have the link to the VOD?

Description

Time

  • Played on: Jan. 7, 2016, 1:51 a.m.
  • Length: 15:08
Show
View Real Time Build Order
Export as new Build Order

bARX Protoss 

Build Orders:  

Get SALT Encoding   

  12  0:02  Probe (Chrono Boost)  
  13  0:12  Probe (Chrono Boost)  
  14  0:24  Pylon  
  14  0:27  Probe (Chrono Boost)  
  16  0:42  Probe (Chrono Boost)  
  16  0:43  Gateway  
  16  0:48  Assimilator  
  16  0:52  Assimilator  
  16  0:54  Probe (Chrono Boost)  
  17  1:05  Probe (Chrono Boost)  
  18  1:15  Probe (Chrono Boost)  
  19  1:20  Pylon  
  19  1:26  Probe (Chrono Boost)  
  20  1:35  Cybernetics Core  
  20  1:47  Probe (Chrono Boost)  
  21  2:04  Probe (Chrono Boost)  
  22  2:11  Warp Gate (Chrono Boost)  
  24  2:15  Mothership Core  
  24  2:16  Nexus  
  24  2:22  Adept  
  26  2:37  Probe (Chrono Boost)  
  27  2:48  Probe (Chrono Boost)  
  28  2:59  Gateway  
  28  3:01  Gateway  
  28  3:02  Forge  
  28  3:11  Pylon  
  28  3:16  Pylon  
  28  3:18  Probe (Chrono Boost)  
  29  3:28  Probe (Chrono Boost)  
  30  3:39  Probe (Chrono Boost)  
  31  3:43  Photon Cannon  
  31  3:45  Pylon  
  31  3:49  Probe (Chrono Boost)  
  32  4:04  Photon Cannon  
  32  4:10  Photon Cannon  
  32  4:14  Protoss Ground Armor Level 1 (Chrono Boost)  
  32  4:32  Probe  
  32  4:33  Probe  
  32  4:36  Assimilator  
  34  4:40  Assimilator  
  34  4:42  Probe  
  34  4:45  Probe  
  36  4:46  Adept  
  36  4:47  Adept  
  36  4:50  Sentry  
  41  4:53  Probe  
  42  5:21  Probe, Photon Cannon  
  42  5:22  Probe  
  42  5:25  Photon Cannon  
  42  5:26  Stalker x2  
  48  5:31  Probe  
  48  5:34  Probe  
  50  5:40  Robotics Facility  
  50  5:43  Probe  
  50  5:46  Probe  
  52  5:51  Forge  
  52  5:54  Probe  
  53  5:58  Probe  
  53  6:00  Protoss Shields Level 1 (Chrono Boost)  
  54  6:18  Gateway  
  54  6:23  Probe  
  54  6:24  Probe  
  56  6:35  Nexus  
  56  6:36  Probe  
  57  7:03  Gateway  
  57  7:07  Pylon  
  57  7:10  Pylon  
  57  7:11  Probe  
  57  7:12  Probe  
  57  7:14  Pylon  
  59  7:22  Probe  
  59  7:25  Probe  
  61  7:31  Twilight Council  
  61  7:37  Probe  
  62  7:54  Probe x2  
  62  7:55  Probe  
  65  8:00  Photon Cannon  
  65  8:02  Photon Cannon  
  65  8:04  Probe  
  65  8:06  Adept x3  
  65  8:07  Probe, Adept  
  45  9:40  Stalker  
  45  9:41  Stalker  
  45  9:43  Stalker  
  51  9:45  Zealot  
  53  10:14  Probe  
  54  10:25  Probe  
  55  10:35  Probe  
  56  10:46  Probe  
  32  11:59  Probe  
  33  12:06  Observer  
  34  12:10  Probe  
  35  12:21  Probe  
  36  12:31  Probe  
  37  12:42  Probe  
  38  13:35  Photon Cannon  
  31  14:37  Zealot  
  31  14:38  Zealot x2  
  35  14:39  Zealot  
Show
View Real Time Build Order
Export as new Build Order

TurtleGT Protoss 

Build Orders: Oracle Opening 

Get SALT Encoding   

  12  0:04  Probe (Chrono Boost)  
  13  0:14  Probe (Chrono Boost)  
  14  0:26  Pylon  
  14  0:30  Probe (Chrono Boost)  
  15  0:48  Probe (Chrono Boost)  
  16  0:58  Probe (Chrono Boost)  
  16  1:02  Gateway  
  17  1:10  Probe (Chrono Boost)  
  18  1:19  Nexus  
  18  1:23  Probe (Chrono Boost)  
  19  1:31  Assimilator  
  19  1:36  Assimilator  
  19  1:40  Probe (Chrono Boost)  
  20  1:51  Pylon  
  20  1:58  Probe (Chrono Boost)  
  21  2:04  Cybernetics Core  
  21  2:09  Probe (Chrono Boost)  
  22  2:18  Zealot  
  24  2:40  Probe (Chrono Boost)  
  25  2:45  Assimilator  
  25  2:50  Probe (Chrono Boost)  
  26  2:56  Stargate, Zealot  
  28  3:01  Probe (Chrono Boost)  
  29  3:11  Probe (Chrono Boost)  
  30  3:25  Forge  
  30  3:27  Pylon  
  30  3:32  Stargate  
  30  3:45  Pylon  
  30  3:49  Probe (Chrono Boost)  
  31  3:56  Oracle  
  31  3:59  Probe (Chrono Boost)  
  31  4:02  Pylon  
  36  4:10  Probe (Chrono Boost), Photon Cannon  
  36  4:15  Photon Cannon  
  36  4:16  Probe (Chrono Boost)  
  32  4:27  Probe (Chrono Boost)  
  30  4:33  Void Ray  
  30  4:34  Void Ray  
  38  4:54  Pylon  
  38  5:28  Phoenix  
  38  5:30  Phoenix  
  42  5:41  Photon Cannon  
  42  5:49  Nexus  
  42  5:59  Void Ray  
  43  6:27  Void Ray  
  47  6:34  Probe (Chrono Boost)  
  48  6:44  Probe (Chrono Boost)  
  49  6:55  Probe (Chrono Boost)  
  50  7:04  Probe (Chrono Boost)  
  50  7:05  Probe (Chrono Boost)  
  52  7:10  Pylon  
  52  7:12  Void Ray  
  52  7:14  Probe (Chrono Boost)  
  57  7:16  Probe (Chrono Boost)  
  57  7:27  Probe (Chrono Boost)  
  50  7:43  Void Ray  
  54  7:53  Nexus  
  54  8:12  Pylon  
  54  8:21  Void Ray  
  58  8:57  Void Ray, Photon Cannon  
  58  9:02  Protoss Shields Level 1  
  62  9:04  Void Ray  
  66  9:12  Stargate x2  
  66  9:19  Protoss Air Weapons Level 1 (Chrono Boost)  
  66  9:23  Mothership Core (Chrono Boost)  
  68  9:36  Photon Cannon  
  68  9:37  Photon Cannon  
  68  9:39  Void Ray  
  72  9:49  Void Ray  
  76  9:56  Probe  
  77  10:00  Void Ray  
  77  10:02  Void Ray  
  77  10:06  Fleet Beacon  
  85  10:08  Probe  
  86  10:31  Pylon  
  86  10:32  Pylon  
  86  10:41  Assimilator  
  86  10:46  Assimilator  
  86  10:49  Void Ray  
  96  11:30  Tempest  
  100  12:09  Tempest  
  100  12:11  Tempest  
  100  12:12  Tempest  
  100  12:13  Tempest  
  76  12:41  Probe  
  77  12:47  Nexus  
  77  12:51  Probe  
  77  12:52  Tempest  
  77  12:53  Tempest  
  77  12:58  Protoss Air Armor Level 1 (Chrono Boost)  
  86  13:02  Probe  
  87  13:06  Stargate  
  87  13:12  Probe  
  88  13:22  Twilight Council  
  88  13:55  Tempest x2  
  88  13:56  Tempest  
Show
View Real Time Build Order
Export as new Build Order

TekTaa Protoss - Winner!

Build Orders: Double Forge 

Get SALT Encoding   

  12  0:01  Probe (Chrono Boost)  
  13  0:12  Probe (Chrono Boost)  
  14  0:20  Pylon  
  14  0:22  Probe (Chrono Boost)  
  15  0:39  Gateway  
  15  0:42  Assimilator  
  15  0:44  Probe (Chrono Boost)  
  16  1:01  Gateway  
  16  1:02  Probe (Chrono Boost)  
  17  1:10  Pylon  
  17  1:12  Probe (Chrono Boost)  
  18  1:23  Probe (Chrono Boost)  
  19  1:27  Cybernetics Core  
  19  1:33  Probe (Chrono Boost)  
  19  1:36  Zealot  
  22  1:44  Probe (Chrono Boost)  
  23  1:51  Zealot  
  25  1:54  Probe (Chrono Boost)  
  25  1:55  Assimilator  
  26  2:02  Pylon  
  26  2:09  Probe (Chrono Boost)  
  27  2:20  Probe (Chrono Boost)  
  28  2:22  Twilight Council  
  28  2:26  Zealot  
  30  2:36  Warp Gate (Chrono Boost)  
  30  2:38  Zealot  
  32  2:55  Zealot  
  34  3:02  Forge  
  34  3:09  Pylon  
  34  3:11  Charge (Chrono Boost)  
  34  3:22  Pylon  
  34  3:32  Zealot x2  
  38  3:36  Protoss Ground Weapons Level 1 (Chrono Boost)  
  38  3:43  Pylon  
  38  3:55  Pylon  
  38  4:03  Zealot x2  
  42  4:43  Forge  
  42  4:45  Forge  
  42  4:48  Gateway  
  42  5:00  Nexus  
  42  5:08  Zealot  
  42  5:11  Sentry  
  46  5:34  Protoss Ground Armor Level 1 (Chrono Boost)  
  46  5:43  Protoss Shields Level 1 (Chrono Boost)  
  46  5:44  Protoss Ground Weapons Level 2 (Chrono Boost)  
  46  5:51  Zealot x2  
  46  5:56  Zealot  
  52  6:06  Pylon  
  51  6:18  Probe x2  
  53  6:30  Probe, Zealot  
  53  6:32  Sentry  
  58  6:33  Sentry  
  60  6:42  Probe  
  60  6:44  Probe  
  62  6:54  Probe  
  62  6:55  Probe  
  64  7:06  Probe  
  65  7:10  Nexus  
  65  7:18  Probe  
  60  7:32  Stalker x3  
  60  7:36  Blink  
  60  7:56  Probe  
  61  8:00  Assimilator  
  61  8:05  Assimilator  
  61  8:06  Probe  
  62  8:17  Stalker, Probe  
  62  8:18  Stalker x2  
  69  8:27  Probe  
  70  8:38  Probe  
  63  8:48  Probe  
  60  8:56  Probe  
  60  9:01  Stalker x3  
  65  9:06  Probe  
  58  9:11  Probe  
  58  9:14  Probe  
  60  9:17  Probe  
  60  9:22  Probe  
  62  9:25  Assimilator  
  62  9:26  Probe  
  62  9:27  Probe  
  62  9:28  Assimilator  
  64  9:32  Pylon, Probe  
  64  9:38  Probe x2, Gateway x2  
  66  9:41  Gateway  
  66  9:43  Gateway  
  67  9:49  Probe  
  67  9:50  Probe  
  67  9:51  Protoss Ground Weapons Level 3 (Chrono Boost)  
  69  9:59  Probe  
  70  10:12  Protoss Ground Armor Level 2 (Chrono Boost)  
  70  10:20  Protoss Shields Level 2 (Chrono Boost)  
  70  10:25  Nexus  
  70  10:28  Pylon  
  70  10:35  Stalker x3  
  72  10:36  Stalker  
  72  10:37  Stalker  
  80  10:44  Stalker  
  80  10:45  Stalker  
  84  11:17  Stalker x6  
  84  11:18  Stalker  
  98  11:20  Probe  
  98  11:23  Probe  
  100  11:29  Gateway  
  100  11:31  Probe  
  100  11:32  Gateway  
  101  11:33  Gateway  
  101  11:35  Probe  
  102  11:41  Probe x2  
  104  11:47  Probe  
  104  11:49  Stalker x2  
  104  11:50  Stalker  
  104  11:51  Probe  
  104  11:52  Probe  
  113  11:59  Probe  
  114  12:02  Probe x2  
  116  12:11  Probe  
  116  12:12  Probe  
  116  12:13  Probe  
  111  12:16  Stalker x4  
  111  12:17  Stalker x3  
  118  12:47  Stalker  
  118  12:48  Stalker x6  
  132  12:57  Pylon  
  132  12:58  Pylon  
  132  13:01  Pylon x2  
  132  13:04  Pylon  
  132  13:06  Pylon  
  132  13:14  Probe x2  
  132  13:15  Probe  
  135  13:24  Probe  
  136  13:27  Probe  
  136  13:29  Stalker x2  
  136  13:30  Stalker x4  
  136  13:31  Stalker x3  
  136  13:32  Stalker  
  157  13:35  Probe  
  157  13:39  Probe  
  159  13:56  Stalker x6  
  159  13:57  Stalker x2  
  159  13:58  Stalker  
  159  14:01  Stalker  
Show
View Real Time Build Order
Export as new Build Order

Grumm Protoss - Winner!

Build Orders:  

Get SALT Encoding   

  12  0:01  Probe (Chrono Boost)  
  13  0:12  Probe (Chrono Boost)  
  14  0:22  Probe (Chrono Boost)  
  14  0:27  Pylon  
  15  0:33  Assimilator  
  15  0:45  Probe (Chrono Boost)  
  15  0:46  Gateway  
  16  0:55  Probe (Chrono Boost)  
  17  0:58  Assimilator  
  17  1:06  Probe (Chrono Boost)  
  18  1:16  Probe (Chrono Boost)  
  19  1:27  Probe (Chrono Boost)  
  20  1:33  Cybernetics Core  
  20  1:38  Forge  
  20  1:41  Pylon  
  20  1:43  Probe (Chrono Boost)  
  21  1:53  Probe (Chrono Boost)  
  22  2:16  Nexus  
  22  2:20  Probe (Chrono Boost)  
  23  2:25  Adept  
  25  2:40  Robotics Facility  
  25  2:46  Probe (Chrono Boost)  
  25  2:49  Protoss Ground Weapons Level 1  
  26  2:59  Probe (Chrono Boost)  
  27  3:09  Probe (Chrono Boost)  
  27  3:10  Photon Cannon  
  28  3:14  Pylon  
  28  3:20  Probe (Chrono Boost)  
  29  3:30  Pylon  
  29  3:32  Probe (Chrono Boost)  
  29  3:34  Warp Gate  
  30  3:40  Stalker  
  32  3:50  Probe (Chrono Boost)  
  33  3:55  Assimilator  
  33  3:57  Probe (Chrono Boost)  
  33  3:59  Assimilator  
  33  4:00  Probe (Chrono Boost)  
  35  4:08  Probe (Chrono Boost)  
  36  4:11  Probe (Chrono Boost)  
  36  4:14  Robotics Facility  
  36  4:15  Immortal  
  41  4:31  Probe (Chrono Boost)  
  42  4:38  Twilight Council  
  42  4:39  Photon Cannon  
  42  4:40  Probe (Chrono Boost)  
  42  4:42  Photon Cannon  
  42  4:44  Pylon  
  43  4:47  Photon Cannon  
  43  4:48  Probe (Chrono Boost)  
  44  4:54  Probe (Chrono Boost)  
  44  4:58  Observer  
  44  4:59  Probe (Chrono Boost)  
  47  5:02  Protoss Ground Armor Level 1  
  47  5:04  Probe (Chrono Boost)  
  48  5:07  Forge  
  48  5:10  Probe (Chrono Boost)  
  48  5:13  Observer  
  50  5:15  Probe (Chrono Boost)  
  50  5:20  Probe (Chrono Boost)  
  52  5:25  Probe (Chrono Boost)  
  52  5:27  Immortal  
  57  5:47  Immortal  
  57  5:48  Protoss Ground Weapons Level 2  
  61  5:57  Robotics Bay  
  61  5:59  Pylon  
  61  6:02  Nexus  
  61  6:06  Pylon  
  61  6:12  Immortal  
  61  6:15  Probe (Chrono Boost)  
  66  6:23  Photon Cannon  
  66  6:26  Pylon  
  66  6:33  Warp Prism  
  66  6:37  Pylon  
  68  6:40  Gateway  
  68  6:42  Gateway  
  68  6:51  Gateway  
  68  6:54  Disruptor  
  68  6:56  Stalker  
  73  7:02  Gateway  
  73  7:04  Pylon  
  73  7:09  Disruptor  
  73  7:11  Protoss Ground Armor Level 2  
  76  7:41  Disruptor  
  79  7:45  Stalker, Disruptor  
  85  7:51  Probe x2 (Chrono Boost)  
  85  7:54  Probe (Chrono Boost)  
  87  8:02  Probe x2 (Chrono Boost), Zealot x2  
  87  8:43  Zealot x4  
  95  8:51  Immortal  
  95  8:52  Immortal  
  95  9:38  Zealot x3  
  95  9:39  Zealot  
  103  9:49  Colossus x2  
  115  9:53  Probe x2 (Chrono Boost)  
  115  9:58  Gateway  
  115  9:59  Gateway  
  117  10:00  Probe (Chrono Boost)  
  117  10:01  Pylon  
  117  10:03  Assimilator  
  117  10:04  Probe (Chrono Boost)  
  117  10:05  Assimilator  
  117  10:07  Gateway x2  
  119  10:13  Stalker x3  
  125  10:18  Nexus  
  125  10:19  Pylon  
  125  10:22  Pylon  
  125  10:23  Protoss Shields Level 1  
  125  10:24  Protoss Ground Weapons Level 3  
  125  10:26  Extended Thermal Lance  
  125  10:29  Blink  
  125  10:33  Stalker  
  127  10:36  Zealot  
  127  10:37  Zealot x3  
  135  10:57  Zealot x4  
  135  10:58  Zealot  
  120  11:57  Stalker  
  120  11:58  Stalker x4  
  120  11:59  Stalker x4  
  138  12:06  Probe x2 (Chrono Boost)  
  138  12:07  Protoss Air Armor Level 1  
  140  12:17  Protoss Ground Armor Level 3  
  132  12:26  Stalker x2  
  132  12:27  Stalker x2  
  132  12:28  Stalker x5  
  136  12:39  Photon Cannon  
  136  12:41  Photon Cannon  
  136  12:44  Photon Cannon  
  136  12:54  Stalker x2  
  136  12:55  Stalker  
  136  12:56  Stalker x3  
  136  12:57  Stalker  
  136  12:58  Stalker  
  152  13:14  Assimilator  
  152  13:19  Assimilator  
  152  13:42  Nexus  
  152  13:44  Pylon  
  142  14:10  Stalker x3  
  142  14:11  Stalker x5  
  142  14:12  Stalker  
  160  14:18  Gateway  
  160  14:20  Gateway  
  160  14:23  Pylon  
  158  14:26  Gateway  
  158  14:29  Gateway  
Tags
 
Add a new tag
Caveats
  • Supply blocks, unpowered buildings, or Contaminate may cause inaccurate times.
  • Supply counts are checked every 10 seconds.